 Dungeon Crawl Stone Soup version 0.31.0-9-g3a7656b989 (webtiles) character file.

Game seed: 5476103044496036038

26 qw the Shooter (level 2, 0/16 HPs)
             Began as a Deep Elf Hunter on Feb 2, 2024.
             Succumbed to their own poison gas
             ... on level 1 of the Dungeon.
             The game lasted 00:00:02 (513 turns).

qw the Shooter (Deep Elf Hunter)                     Turns: 513, Time: 00:00:02

Health: 0/16       AC:  3    Str:  8    XL:     2   Next: 89%
Magic:  4/4        EV: 12    Int: 13    God:
Gold:   38         SH:  0    Dex: 18    Spells: 1/1 levels left

rFire   . . .        a - +0 shortbow
rCold   . . .        (shield currently unavailable)
rNeg    . . .        c - +0 leather armour
rPois   .            (no helmet)
rElec   .            (no cloak)
rCorr   .            (no gloves)
SInv    .            (no boots)
Will    .....        (no amulet)
Stlth   ++           (no ring)
HPRegen 0.22/turn    (no ring)
MPRegen 0.09/turn

%: no passive effects
@: lethally poisoned (0 -> 0)
A: no striking features
a: no special abilities


You were on level 1 of the Dungeon.
You visited 1 branch of the dungeon, and saw 1 of its levels.

You collected 59 gold pieces.
You spent 21 gold pieces at shops.


   Skills:
 - Level 1.5 Fighting
 + Level 6.6 Ranged Weapons
 - Level 2.4 Dodging
 - Level 1.2 Stealth


You had one spell level left.
You didn't know any spells.
Your spell library was empty.

Inventory:

Hand Weapons
 a - a +0 shortbow (weapon)
Armour
 c - a +0 leather armour (worn)
Potions
 g - a potion of might
 h - a potion of heal wounds
 k - a potion of curing {unknown}

Dungeon Overview and Level Annotations

Branches:
Dungeon (1/15)

Altars:

Shops:
D:1 *


Message History

As you read the scroll labelled YPRETY WITYVYF, it crumbles to dust.
It was a scroll of poison.
Done exploring.
502 ||| DROPPING scroll of butterflies.
You drop a scroll of butterflies.
Done exploring.
503 ||| DROPPING scroll of noise.
You drop a scroll of noise.
Done exploring.
504 ||| DROPPING potion of attraction.
You drop a potion of attraction.
Done exploring.
What level of the Dungeon? (default 1, ? - help) Sorry, I don't know how to get there.
Enter note:
Enter note:
Enter note:
Enter note:
Enter note:
Enter note:
Enter note:
Enter note:
Enter note: You are engulfed in poison gas.
You are poisoned.
You feel very sick.
506 ||| Stepping ~*~*~tactically~*~*~ (cloud).
You feel very sick.
Things that are here:
a potion of attraction; a scroll of noise; a scroll of butterflies
There is a lethal amount of poison in your body!
You feel sick.
There is a lethal amount of poison in your body!
You feel sick.
There is a lethal amount of poison in your body!
You feel sick.
There is a lethal amount of poison in your body!
You feel sick.
There is a lethal amount of poison in your body!
You feel sick.
There is a lethal amount of poison in your body!
You feel sick.
There is a lethal amount of poison in your body!
You die...

#.....##.# ##. #..##.##.####..
#..##.##.##....
###########.|##.##.##.###
#...........¤#¤..#..#.###
#.#########0.00...)...... #.#
###0000~~........~ #.#
##0000¤00~~.....~~~
#.#####¤@0¤0¤~¤~~....~~~~
##.##.0.¤¤~¤0#####....~~~~
#..##00¤~000##...##....~~~
#######.###00000¤~#.....#....~~~
#........0.0.¤~¤0~#.><..'....~~~
#......>0¤0.00~¤¤¤#.....#)....~~
#.#####.####.¤0¤00##...##.......
#.# #.# #¤00¤~¤0#####~~......
#.# #.# #...~~~~~~~~~~~~.....


There were no monsters in sight!

Vanquished Creatures
  3 endoplasms (D:1)
  A giant cockroach (D:1)
  3 hobgoblins (D:1)
  3 jackals (D:1)
  3 quokkas (D:1)
  3 bats (D:1)
  5 kobolds (D:1)
  2 rats (D:1)
23 creatures vanquished.

Notes
Turn   | Place    | Note
-------+----------+-------------------------------------------
     0 | D:1      | qw the Deep Elf Hunter began the quest for the Orb.
     0 | D:1      | Reached XP level 1. HP: 12/12 MP: 3/3
     0 | D:1      | 0 ||| qw: Version: 0.3-a-155-g5e7d8dd
     0 | D:1      | 0 ||| qw: Game counter: 1589
     0 | D:1      | 0 ||| qw: Melee chars always use a shield: true
     0 | D:1      | 0 ||| qw: God list: Okawaru
     0 | D:1      | 0 ||| qw: Allow faded altars: false
     0 | D:1      | 0 ||| qw: Do Orc after clearing Dungeon:15 true
     0 | D:1      | 0 ||| qw: Do second Lair branch before Depths: true
     0 | D:1      | 0 ||| qw: Lair rune preference: random
     0 | D:1      | 0 ||| qw: Goals: Normal
     0 | D:1      | 0 ||| PLANNING D:1-11
    85 | D:1      | Reached XP level 2. HP: 16/16 MP: 4/4
    96 | D:1      | Reached skill level 6 in Ranged Weapons
   111 | D:1      | Found Wafoigapp's Assorted Antiques.
   120 | D:1      | 120 ||| BUYING blue potion (21 gold).
   120 | D:1      | Bought a blue potion for 21 gold pieces
   120 | D:1      | 120 ||| SHOPLISTING ring mail (96 gold, have 6).
   120 | D:1      | 120 ||| SHOPLISTING scroll labelled AMI SASCHEI (24 gold,
                  | have 6).
   120 | D:1      | 120 ||| SHOPLISTING scroll labelled IGATWY WASCHUE (24
                  | gold, have 6).
   385 | D:1      | Found a faded altar of an unknown god.
   493 | D:1      | 493 ||| READING scroll labelled QUCWAN JAWUP.
   497 | D:1      | 497 ||| READING 3 scrolls labelled FODAISAGYG.
   497 | D:1      | 497 ||| IDENTIFYING blue potion
   498 | D:1      | 498 ||| READING 2 scrolls of identify.
   498 | D:1      | 498 ||| IDENTIFYING gluggy blue potion
   499 | D:1      | 499 ||| READING scroll of identify.
   499 | D:1      | 499 ||| IDENTIFYING amethyst potion
   500 | D:1      | 500 ||| READING 2 scrolls labelled EBYIKO VACA.
   501 | D:1      | 501 ||| READING scroll labelled YPRETY WITYVYF.
   502 | D:1      | 502 ||| DROPPING scroll of butterflies.
   503 | D:1      | 503 ||| DROPPING scroll of noise.
   504 | D:1      | 504 ||| DROPPING potion of attraction.
   506 | D:1      | 506 ||| Stepping ~*~*~tactically~*~*~ (cloud).
   509 | D:1      | HP: 4/16 [poisoned by you (poison gas)]
   512 | D:1      | HP: 1/16 [poisoned by you (poison gas)]
   513 | D:1      | Succumbed to their own poison gas

Levels and vault maps discovered:
D:1:      minmay_arrival_shoal_huts, layout_loops_ring, serial_shops, shop,
          ebering_ecumenical_altar_petrified

Skill      XL: |  1  2 |
---------------+-------+-----
Ranged Weapons | 6 |  6.6
Fighting       | |  1.5
Dodging        | |  2.4
Stealth        | |  1.2

Action                     || total
---------------------------++-------
   Fire: Shortbow          ||    50
    Use: Scroll            ||     6
 Armour: Leather armour    ||     6
  Dodge: Dodged            ||     3

Table legend:
 A = Non-vault XP
 B = Vault XP
 C = Vault XP percentage of total XP
 D = Non-vault monster count
 E = Vault monster count
 F = Vault count percentage of total count
                 A         B        C        D         E       F
            +---------+---------+-------+---------+---------+-------
      Total |      38 |       0 |   0.0 |      23 |       0 |   0.0
            +---------+---------+-------+---------+---------+-------
        D:1 |      38 |       0 |   0.0 |      23 |       0 |   0.0
            +---------+---------+-------+---------+---------+-------
